 Dungeon Crawl Stone Soup version 0.24-a0-778-g74da537585 (webtiles) character file.

Game seed: 18353069768957301704, levelgen mode: deterministic

5469 Flugkiller the Summoner (level 10, -9/80 HPs)
             Began as a Barachi Summoner on Oct 6, 2019.
             Was a Priest of Ashenzari.
             Hit by a javelin thrown by a minotaur (23 damage)
             ... in a Gauntlet on Oct 7, 2019.
             The game lasted 00:28:44 (12032 turns).

Flugkiller the Summoner (Barachi Summoner)         Turns: 12032, Time: 00:28:45

Health: -9/80      AC: 10    Str: 11    XL:     10   Next: 69%
Magic:  16/24      EV: 18    Int: 19    God:    Ashenzari [***...]
Gold:   444        SH:  5    Dex: 13    Spells: 15/29 levels left

rFire    + . .     SeeInvis +   H - +5 spear
rCold    + . .     Gourm    .   m - +0 buckler (curse)
rNeg     . . .     Faith    .   T - +1 leather armour of Inquiry {MR+} (curse)
rPois    .         Spirit   .   R - +2 hat {SInv}
rElec    .         Reflect  .   s - scarf {rC+ rF+} (curse)
rCorr    .         Harm     .   F - +0 pair of gloves (curse)
MR       +....     NoTele   +   k - +2 pair of boots (curse)
Stlth    ++........             A - amulet of magic regeneration (curse)
HPRegen  0.23/turn              n - +2 ring of strength
MPRegen  0.44/turn              J - +3 ring of evasion

@: can't hop, slow
A: +LOS, swims, [blurry vision 2], slowness 1, strong legs 1
a: Hop, Curse Item, Scrying, Renounce Religion


You were in a Gauntlet.
You worshipped Ashenzari.
Ashenzari was most pleased with you.
You were not hungry.

You visited 3 branches of the dungeon, and saw 11 of its levels.
You also visited: Gauntlet.

You collected 619 gold pieces.
You spent 175 gold pieces at shops.

Inventory:

Hand Weapons
 p - a +0 falchion of electrocution
   (You took it off an orc on level 4 of the Dungeon)
 x - a +2 short sword of venom
   (You took it off Duvessa on level 5 of the Dungeon)
 H - a +5 spear (weapon)
   (You took it off a wight on level 8 of the Dungeon)
Missiles
 g - 2 silver javelins
 i - 50 poisoned darts
 r - 9 javelins (quivered)
Armour
 k - a cursed +2 pair of boots (worn)
   (You found it on level 2 of the Dungeon)
 m - a cursed +0 buckler (worn)
   (You found it on level 1 of the Dungeon)
 s - a cursed scarf of resistance (worn)
   (You found it on level 4 of the Dungeon)
 F - a cursed +0 pair of gloves (worn)
   (You found it on level 7 of the Dungeon)
 L - the +2 leather armour of Summer {rCorr Dex+4}
   (You bought it in a shop on level 9 of the Dungeon)

   It affects your dexterity (+4).
   It provides partial protection from all sources of acid and corrosion.
 O - +0 steam dragon scales
   (You found it in a Gauntlet)
 R - a +2 hat of see invisible (worn)
   (You found it in a Gauntlet)
 T - the cursed +1 leather armour of Inquiry (worn) {MR+}
   (You found it in a Gauntlet)

   It affects your resistance to hostile enchantments.
   It has a curse placed upon it.
Jewellery
 n - a +2 ring of strength (left hand)
   (You found it on level 8 of the Dungeon)
 A - a cursed amulet of magic regeneration (around neck)
   (You found it on level 6 of the Dungeon)
 J - a +3 ring of evasion (right hand)
   (You found it on level 9 of the Dungeon)
 M - an uncursed ring of fire
   (You found it on level 9 of the Dungeon)
 P - the ring of Cot Fan {+Fly rElec Int+8 Dex-5}
   (You found it in a Gauntlet)

   [ring of flight]

   It affects your intelligence (+8).
   It affects your dexterity (-5).
   It insulates you from electricity.
   It lets you fly.
Wands
 o - a wand of iceblast (13)
   (You found it on level 7 of the Dungeon)
 v - a wand of paralysis (1)
   (You took it off Ijyb on level 5 of the Dungeon)
Scrolls
 b - 4 scrolls of teleportation
 l - 4 scrolls of magic mapping
 q - a scroll of immolation {unknown}
 t - a scroll of amnesia {unknown}
 u - a scroll of remove curse
 y - a scroll of fear
 z - a scroll of noise {unknown}
 C - a scroll of enchant weapon {unknown}
 D - a scroll of blinking {unknown}
 G - a scroll of torment {unknown}
 I - a scroll of identify
 K - a scroll of enchant armour
 S - a scroll of acquirement {unknown}
Potions
 d - 2 potions of curing
 e - a potion of haste
 h - 3 potions of brilliance
 w - 2 potions of magic
 B - a potion of berserk rage
 E - a potion of lignification
 Q - a potion of mutation
Miscellaneous
 N - a lightning rod (4/4)
   (You found it on level 1 of the Lair of Beasts)
Comestibles
 c - 10 rations


   Skills:
 + Level 7.8 Fighting
 + Level 5.9(7.8) Dodging
 - Level 1.7(3.1) Stealth
 - Level 2.0(3.4) Shields
 - Level 10.0 Spellcasting
 - Level 10.0 Summonings
 - Level 3.0 Ice Magic
 - Level 4.0 Air Magic


You had 15 spell levels left.
You knew the following spells:

 Your Spells              Type           Power        Failure   Level  Hunger
a - Summon Small Mammal   Summ           ####         1%          1    None
b - Call Imp              Summ           #####...     1%          2    None
c - Call Canine Familiar  Summ           #####...     1%          3    None
d - Summon Ice Beast      Ice/Summ       ####....     7%          4    ##.....
e - Summon Lightning Spi  Summ/Air       #####...     6%          4    ##.....

Your spell library contained the following spells:

 Spells                   Type           Power        Failure   Level  Hunger
 Shock                    Conj/Air       ###.         4%          1    None
 Summon Guardian Golem    Hex/Summ       ####....     4%          3    None
 Swiftness                Chrm/Air       ###.....     7%          2    None
 Static Discharge         Conj/Air       ###.....     14%         3    None
 Airstrike                Air            ###.......   21%         4    ##.....
 Lightning Bolt           Conj/Air       ###.......   77%         5    #####..


Dungeon Overview and Level Annotations

Branches:
Dungeon (9/15)             Temple (1/1) D:4            Lair (1/6) D:9
Gauntlet (1/1)
    Orc: D:9-12

Altars:
Ashenzari
Cheibriados
Dithmenos
Elyvilon
Fedhas
Gozag
Hepliaklqana
Kikubaaqudgha
Makhleb
Nemelex Xobeh
Okawaru
Qazlal
Ru
Sif Muna
Trog
Uskayaw
Vehumet
Wu Jian
Xom
Yredelemnul
Zin
The Shining One

Shops:
D:4 (!   D:9 [

Annotations:
D:4 3 runed translucent doors, exclusion: centaur, ViolentOr's ghost, amateur OgBe
D:5 4 exclusions Gauntlet 10 transporters, exclusion: obsidian statue


Innate Abilities, Weirdness & Mutations

Shadows flee at your approach. (+LOS)
You can swim through water.
You cover ground slowly.
You can hop short distances.
[Scrolls take you longer to read.]


Message History

Okay, then.
Evoke which item? (* to show all) (? for menu, Esc to quit)
Okay, then.
Put on which piece of jewellery? (? for menu, Esc to quit)
Okay, then.
Okay, then.
Okay, then.
Casting: Summon Lightning Spire (safe; 6% risk of failure)
Confirm with . or Enter, or press ? or * to list all spells.
Unknown command.
Unknown command.
Casting: Call Canine Familiar (safe; 1% risk of failure)
Confirm with . or Enter, or press ? or * to list all spells.
A chill wind blows around you.
The minotaur throws a javelin.
The javelin pierces through your lightning spire!
The javelin pierces through your wolf!! The javelin pierces through you!!
* * * LOW HITPOINT WARNING * * *
Your lightning spire shoots out a bolt of lightning at the minotaur!
The bolt of electricity hits the minotaur.
You feel better.
The minotaur throws a javelin.
The javelin pierces through your lightning spire!
The javelin pierces through your wolf.
Your wolf dies!
Your wolf's corpse disappears in a puff of smoke!
The javelin pierces through you!!
* * * LOW HITPOINT WARNING * * *
Your legs are too worn out to hop.
Unknown command.
Unknown command.
It was a potion of flight.
You feel very buoyant.
You fly up into the air.
The minotaur reads a scroll.
Wisps of shadow swirl around the minotaur.
It was a potion of cancellation.
Your magical effects are unravelling.
You feel magically purged.
You float gracefully downwards.
The minotaur throws a javelin.
The javelin pierces through your lightning spire!!
Your lightning spire is destroyed!
The javelin closely misses your ice beast.
The javelin closely misses you.
The white imp hits your ice beast but does no damage.
Okay, then.
Okay, then.
Okay, then.
The minotaur throws a javelin.
The javelin pierces through your ice beast!!
Your ice beast dies!
The javelin pierces through you!!
You die...

*### ≈≈≈ ≈≈∩≈ ≈ .H≈
*{### , ...
#######H#######
#..@(.(55.....#
#.###.###.###.#
#.###.###.###.#
#.............#
###.###.###.###
#####.###.###.#####
#≈...............≈#
##
#8.8.8.8.8.8.8.8.8#
# *8#
≈...............≈#
#


You could see a minotaur and 2 white imps.

Vanquished Creatures
  A great orb of eyes (Gauntlet)
  An ugly thing (Gauntlet)
  A hippogriff (D:8)
  A yak (D:9)
  A water moccasin (D:9)
  6 porcupines
  A sky beast (D:8)
  A phantom (D:9)
  A wolf (Lair:1)
  A big kobold (D:8)
  3 bullfrogs
  2 scorpions
  An orc wizard (D:4)
  An iguana (D:9)
  Ijyb (D:5)
  4 worker ants
  A hound skeleton (D:8)
  A howler monkey zombie (D:6)
  2 gnolls (D:4)
  3 adders
  A howler monkey skeleton (D:5)
  3 shadow imps
  A worm (D:2)
  4 leopard geckos
  8 orcs
  A giant cockroach (D:4)
  2 goblins
  A hobgoblin (D:3)
  2 ball pythons
  3 bats
  3 frilled lizards
  A kobold (D:8)
  3 rats
67 creatures vanquished.

Vanquished Creatures (collateral kills)
  A spiny frog (Lair:1)
  A gargoyle (D:9)
  A komodo dragon (Lair:1)
  A hippogriff (D:9)
  A raiju (Gauntlet)
  10 yaks (Lair:1)
  2 steam dragons
  Duvessa (D:5)
  3 orc warriors (D:9)
  3 porcupines
  An ice beast (D:8)
  A sky beast (D:7)
  2 wolves (Lair:1)
  3 ogres
  A centaur (D:5)
  2 crocodiles (Lair:1)
  4 bullfrogs (Lair:1)
  Dowan (D:5)
  A water moccasin skeleton (D:8)
  A scorpion (D:9)
  5 wights (D:8)
  2 howler monkeys
  2 crimson imps
  2 jellies
  A centaur skeleton (D:8)
  3 orc priests
  A bullfrog skeleton (D:5)
  An iguana (D:9)
  6 worker ants
  3 orc wizards (D:9)
  A hound skeleton (D:9)
  A hound zombie (D:8)
  9 adders
  6 gnolls
  An ooze (D:1)
  An adder skeleton (D:6)
  4 worms (D:2)
  A leopard gecko (D:5)
  18 orcs
  2 ball pythons (D:3)
  6 bats
  4 giant cockroaches
  6 goblins
  5 hobgoblins
  8 jackals (D:1)
  2 frilled lizards
  15 kobolds
  5 rats
  3 fungi (D:9)
  2 plants (D:9)
167 creatures vanquished.

Vanquished Creatures (others)
  31 fungi
  19 plants
50 creatures vanquished.

Grand Total: 284 creatures vanquished

Notes
Turn   | Place    | Note
-------+----------+-------------------------------------------
     0 | D:1      | Flugkiller the Barachi Summoner began the quest for the
                  | Orb.
     0 | D:1      | Reached XP level 1. HP: 13/13 MP: 3/3
     5 | D:1      | Noticed a minotaur skeleton
    17 | D:1      | Noticed a minotaur skeleton
    98 | D:1      | Reached skill level 5 in Summonings
   298 | D:1      | Reached XP level 2. HP: 5/19 MP: 0/5
   522 | D:1      | You fall into a shaft and drop 1 floor!
   645 | D:2      | Learned a level 2 spell: Call Imp
  1220 | D:1      | Reached XP level 3. HP: 22/24 MP: 7/7
  1336 | D:1      | Learned a level 3 spell: Call Canine Familiar
  1512 | D:1      | You fall into a shaft and drop 1 floor!
  2340 | D:2      | Noticed an ogre
  2348 | D:2      | Killed an ogre
  2348 | D:2      | Reached XP level 4. HP: 30/30 MP: 0/9
  2888 | D:2      | Reached XP level 5. HP: 27/35 MP: 2/10
  2970 | D:2      | Upgraded the game from 0.24-a0-769-g368c1644f8 to
                  | 0.24-a0-778-g74da537585
  3649 | D:3      | Reached skill level 1 in Fighting
  4001 | D:4      | Reached XP level 6. HP: 31/44 MP: 5/12
  4094 | D:4      | Found Icwemuom's Distillery.
  4195 | D:4      | Learned a level 4 spell: Summon Lightning Spire
  4214 | D:4      | Found a blossoming altar of Fedhas.
  4511 | D:4      | Found Vedusezaa's Weapon Boutique.
  4711 | D:4      | Noticed ViolentOr's ghost (amateur OgBe)
  4712 | D:4      | Found a runed translucent gate.
  4712 | D:4      | Found a runed translucent gate.
  4712 | D:4      | Found a runed translucent gate.
  4730 | D:4      | Reached skill level 1 in Shields
  4803 | D:4      | Found a staircase to the Ecumenical Temple.
  4824 | Temple   | Entered the Ecumenical Temple
  4957 | Temple   | Became a worshipper of Ashenzari the Shackled
  5324 | D:4      | Reached XP level 7. HP: 30/51 MP: 7/14
  5558 | D:5      | Entered Level 5 of the Dungeon
  5635 | D:5      | Found a burning altar of Makhleb.
  5658 | D:5      | Reached skill level 5 in Spellcasting
  5843 | D:5      | Noticed Ijyb
  5854 | D:5      | Killed Ijyb
  5869 | D:5      | Noticed Duvessa
  5869 | D:5      | Noticed Dowan
  5922 | D:5      | Killed Duvessa
  5924 | D:5      | Killed Dowan
  6366 | D:6      | Reached skill level 1 in Air Magic
  6583 | D:6      | Got the great mace "Luejuiwn" {protect, Str+4}
  6803 | D:6      | Reached XP level 8. HP: 40/60 MP: 11/15
  7147 | D:6      | Reached * piety under Ashenzari
  7661 | D:7      | Found a shadowy altar of Dithmenos.
  7943 | D:7      | Found a shadowy altar of Dithmenos.
  7943 | D:7      | Found a snail-covered altar of Cheibriados.
  8664 | D:8      | Noticed a hippogriff
  8674 | D:8      | Killed a hippogriff
  8840 | D:8      | Reached ** piety under Ashenzari
  9760 | D:9      | Found Ceram's Antique Armour Shop.
  9767 | D:9      | Reached XP level 9. HP: 65/65 MP: 17/19
 10126 | D:9      | Learned a level 4 spell: Summon Ice Beast
 10241 | D:9      | Bought a polished leather armour for 175 gold pieces
 10251 | D:9      | Identified the +2 leather armour of Summer {rCorr Dex+4}
                  | (You bought it in a shop on level 9 of the Dungeon)
 10277 | D:9      | Reached skill level 1 in Ice Magic
 10529 | D:9      | Found a white marble altar of Elyvilon.
 10575 | D:9      | Found a staircase to the Lair.
 10587 | D:9      | Reached skill level 5 in Fighting
 10693 | D:9      | Noticed a gargoyle
 10707 | D:9      | Killed a gargoyle
 10941 | Lair:1   | Entered Level 1 of the Lair of Beasts
 10962 | Lair:1   | Noticed a komodo dragon
 10980 | Lair:1   | Killed a komodo dragon
 10980 | Lair:1   | Reached XP level 10. HP: 36/76 MP: 20/23
 11112 | Lair:1   | Noticed a spiny frog
 11117 | Lair:1   | Killed a spiny frog
 11184 | Lair:1   | Found a gate leading to a gauntlet.
 11202 | Lair:1   | Reached skill level 10 in Summonings
 11233 | Gauntlet | Entered a Gauntlet
 11233 | Gauntlet | Found a transporter.
 11233 | Gauntlet | Found a transporter.
 11237 | Gauntlet | Found a transporter.
 11237 | Gauntlet | Found a transporter.
 11239 | Gauntlet | Noticed a spectral seven-headed hydra
 11248 | Gauntlet | Noticed a death scarab
 11254 | Gauntlet | Found a transporter.
 11255 | Gauntlet | Found a transporter.
 11256 | Gauntlet | Noticed a red ugly thing
 11257 | Gauntlet | Noticed an obsidian statue
 11257 | Gauntlet | Noticed a great orb of eyes
 11259 | Gauntlet | Found a transporter.
 11259 | Gauntlet | Found a transporter.
 11262 | Gauntlet | Noticed a thrashing horror
 11288 | Gauntlet | Noticed a death scarab
 11293 | Gauntlet | Found a transporter.
 11306 | Gauntlet | Found a transporter.
 11309 | Gauntlet | Identified the ring of Cot Fan {+Fly rElec Int+8 Dex-5}
 11325 | Gauntlet | Noticed an orb spider
 11326 | Gauntlet | Found a transporter.
 11327 | Gauntlet | Noticed a spiny frog
 11327 | Gauntlet | an orb spider changed into a spiny frog
 11334 | Gauntlet | Found a transporter.
 11351 | Gauntlet | Found a transporter.
 11375 | Gauntlet | Reached *** piety under Ashenzari
 11388 | Gauntlet | Found a transporter.
 11404 | Gauntlet | Noticed a wretched star
 11407 | Gauntlet | Found a transporter.
 11489 | Gauntlet | Noticed a lindwurm
 11505 | Gauntlet | a lindwurm changed into a slime creature
 11510 | Gauntlet | Noticed a glowing orange brain
 11510 | Gauntlet | a slime creature changed into a glowing orange brain
 11515 | Gauntlet | Noticed an elephant
 11515 | Gauntlet | Noticed a dire elephant
 11518 | Gauntlet | Identified the ring of the Ancient Continents {+Inv +Fly
                  | rElec Str+6}
 11522 | Gauntlet | Found a transporter.
 11580 | Gauntlet | Noticed a wolf spider
 11592 | Gauntlet | a wolf spider changed into a snapping turtle
 11669 | Gauntlet | Noticed a black mamba
 11669 | Gauntlet | a raiju changed into a black mamba
 11670 | Gauntlet | a black mamba changed into a golden eye
 11670 | Gauntlet | Noticed a wolf spider
 11692 | Gauntlet | Reached skill level 10 in Spellcasting
 11696 | Gauntlet | Reached skill level 5 in Dodging
 11705 | Gauntlet | a wolf spider changed into a swamp worm
 11895 | Gauntlet | Killed a red ugly thing
 11911 | Gauntlet | Killed a great orb of eyes
 11928 | Gauntlet | Got the cursed leather armour of Inquiry {MR+}
 12006 | Gauntlet | Identified the cursed +1 leather armour of Inquiry {MR+}
                  | (You found it in a Gauntlet)
 12024 | Gauntlet | Identified the cursed +1 hand axe "Ashymoty" {protect,
                  | rPois rF+}
 12024 | Gauntlet | Noticed a minotaur
 12032 | Gauntlet | Hit by a javelin thrown by a minotaur

Levels and vault maps discovered:
D:1:      shiori_arrival_whats_in_store_for_you, layout_basic
D:2:      layout_basic, minmay_hedge_maze
D:3:      layout_basic, hangedman_decor_points
D:4:      layout_basic, minmay_temple_entry_statues_pillars,
          gammafunk_ghost_necromancy, serial_shops,
          nicolae_shop_temple_entry_statues_fountains,
          nicolae_shop_temple_entry_statues_fountains, first_ration,
          fedhas_bush_and_centaur_altar
D:5:      minmay_skewed_foursquare, layout_cave_pools, old_standard_altar,
          minmay_fountain_box, uniq_duvessa, uniq_ijyb
D:6:      layout_basic
D:7:      layout_basic, gammafunk_temple_overflow_statue, basic_altar
D:8:      layout_layer_cave
D:9:      layout_roguey, elyvilon_altar_5, due_lair_maze_entry_diamond,
          serial_shops, shop
Temple:   dpeg_five_rooms_temple
Lair:1:   layout_big_grid, gauntlet_entry_generic, st_stairs_5,
          chequers_serial_rivers_large_a, eino_small_chamber_without_monster
Gauntlet: gammafunk_gauntlet_branching [nicolae_gauntlet_arena_flowing_pool,
          nicolae_gauntlet_arena_blocks, gammafunk_gauntlet_arena_arrow_garden,
          gammafunk_gauntlet_arena_split_diamond,
          gammafunk_gauntlet_arena_chambers, nicolae_gauntlet_swirl,
          gammafunk_gauntlet_arena_corners, nicolae_gauntlet_arena_grate_2,
          gauntlet_exit_watery]

Skill      XL: |  1  2  3  4  5  6  7  8  9 10 |
---------------+-------------------------------+-----
Summonings     | 5 6 7 8 9 10 | 10.0
Spellcasting   | 3 4 5 7 9 10 | 10.0
Fighting       | 1 2 4 6 7 |  7.8
Shields        | 1 2 |  2.0
Air Magic      | 1 4 |  4.0
Dodging        | 3 4 5 |  5.9
Ice Magic      | 3 |  3.0
Stealth        | |  1.7

Action                   |  1- 3 |  4- 6 |  7- 9 | 10-12 || total
-------------------------+-------+-------+-------+-------++-------
Melee: Unarmed           |    12 |       |       |       ||    12
       Dagger            |    65 |    77 |       |       ||   142
       Falchion          |       |    18 |    26 |       ||    44
       Short sword       |       |       |   191 |       ||   191
       Spear             |       |       |    17 |    29 ||    46
Throw: Javelin           |       |     3 |       |       ||     3
       Stone             |       |     2 |       |       ||     2
 Cast: Summon Small Mamm |    18 |       |       |       ||    18
       Call Imp          |    19 |    20 |    19 |       ||    58
       Call Canine Famil |     4 |    14 |    24 |     2 ||    44
       Summon Lightning  |       |       |    24 |    13 ||    37
       Summon Ice Beast  |       |       |     7 |    17 ||    24
Invok: Curse Item        |       |     3 |     1 |       ||     4
 Abil: Hop               |     1 |     1 |     2 |     3 ||     7
  Use: Scroll            |       |     9 |     6 |       ||    15
       Potion            |       |       |       |     4 ||     4
 Stab: Sleeping          |     1 |     4 |     4 |       ||     9
       Distracted        |       |       |     3 |       ||     3
  Eat: Chunk             |     7 |    12 |    20 |     6 ||    45
       Ration            |       |       |     2 |       ||     2
Armor: Robe              |    27 |    19 |    37 |       ||    83
       Leather armour    |       |       |     7 |     6 ||    13
Dodge: Dodged            |    62 |    74 |   148 |    22 ||   306
Block: Buckler           |       |    16 |    54 |     6 ||    76
       Rpst.: Falchion   |       |     4 |     8 |       ||    12

Table legend:
 A = Non-vault XP
 B = Vault XP
 C = Vault XP percentage of total XP
 D = Non-vault monster count
 E = Vault monster count
 F = Vault count percentage of total count
                 A         B        C        D         E       F
            +---------+---------+-------+---------+---------+-------
      Total |    5317 |    2496 |  31.9 |     211 |      18 |   7.9
            +---------+---------+-------+---------+---------+-------
        D:1 |      35 |       0 |   0.0 |      29 |       0 |   0.0
        D:2 |     140 |       0 |   0.0 |      25 |       0 |   0.0
        D:3 |     128 |       0 |   0.0 |      32 |       0 |   0.0
        D:4 |     317 |       0 |   0.0 |      16 |       0 |   0.0
        D:5 |     231 |     199 |  46.3 |      12 |       4 |  25.0
        D:6 |     218 |       0 |   0.0 |      10 |       0 |   0.0
        D:7 |     153 |       0 |   0.0 |       3 |       0 |   0.0
        D:8 |     814 |       0 |   0.0 |      36 |       0 |   0.0
        D:9 |    1152 |    1052 |  47.7 |      25 |       9 |  26.5
     Lair:1 |    2129 |      72 |   3.3 |      23 |       1 |   4.2
   Gauntlet |       0 |    1173 | 100.0 |       0 |       4 | 100.0
            +---------+---------+-------+---------+---------+-------
